[Event "Liberia Championship 2023"]
[Site "Monrovia"]
[Date "2024.01.26"]
[Round "11.3"]
[White "Barcon, Harmon"]
[Black "James, Tondo"]
[Result "1-0"]
[ECO "C90"]
[WhiteElo "1902"]
[BlackElo "1837"]
[Annotator "TA"]
[PlyCount "71"]
[EventDate "2024.01.16"]
[EventType "swiss"]
[EventCountry "LBR"]
[SourceTitle "playchess.com"]
[Source "ChessBase"]
[SourceQuality "1"]
[TimeControl "40/5400+30:1800+30"]

1. e4 e5 2. Nf3 Nc6 3. Bb5 a6 4. Ba4 Nf6 5. O-O Be7 6. Re1 b5 7. Bb3 d6 8. h3 Na5 9. c3 Nxb3 10. Qxb3 c5 11. d3 O-O 12. Nbd2 h6 13. Nf1 {[%emt 0:00:04] Black has an edge.} Be6 14. Qc2 Rc8 15. Ng3 Qd7 16. Be3 Rc7 17. Qd2 Kh7 18. d4 cxd4 19. cxd4 exd4 20. Nxd4 Rfc8 21. f4 Qe8 22. f5 ({White should play} 22. Rad1 $16) 22... Bd7 $1 $11 23. Bf4 Qf8 24. Kh2 Rc4 25. Re2 Kg8 26. Rd1 Kh7 27. Qd3 Kg8 28. Nf3 {[%emt 0:05:26] Excellent horsemanship.} d5 {[%emt 0:15:39] [#] ...dxe4 would now be deadly.} 29. Ne5 {[%emt 1:14:39] White is much more active.} dxe4 {[%emt 0:02:48] A mistake that costs the game.} (29... h5 $16) 30. Nxe4 $18 Rxe4 31. Nxd7 Rxf4 $2 (31... Rd8 {was worth a try.}) 32. Nxf8 Bxf8 33. b3 {[%emt 0:01:36] aiming for g3.} Rc5 (33... Bc5 $142 34. Rdd2 Rf8) 34. Qd8 {[%emt 0:00:26][%cal Od8f8] Black must now prevent Qxf8+!} Ne4 35. Qa8 Nf6 {[%emt 0:04:29] [#]} 36. Qxf8+ $3 {[%emt 0:00:34][%mdl 512] Weighted Error Value: White=0.13 (very precise) /Black=0.58.  Mistake:       	White=1     	Black=3      Inaccurate:     	White=1     	Black=7      OK:         	White=6     	Black=1      Best:        	White=2     	---        Strong:       	---       	Black=1} 1-0

[Event "Liberia Championship 2023"]
[Site "Monrovia"]
[Date "2024.01.26"]
[Round "11.5"]
[White "John Jallah"]
[Black "Arnold Smith"]
[Result "1/2-1/2"]
[ECO "C50"]
[WhiteElo "1761"]
[BlackElo "1844"]
[Annotator "NA RC"]
[PlyCount "160"]
[EventDate "2024.01.16"]
[EventType "swiss"]
[EventCountry "LBR"]
[SourceTitle "playchess.com"]
[Source "ChessBase"]
[SourceQuality "1"]
[TimeControl "40/5400+30:1800+30"]

1. e4 e5 2. Nf3 Nf6 3. Nc3 Nc6 4. a3 h6 5. Bc4 a6 6. d3 Bc5 7. O-O d6 8. h3 O-O 9. Ne2 Nh5 10. d4 exd4 11. Nexd4 Qf6 12. Nxc6 bxc6 13. c3 Nf4 14. Re1 Ng6 15. Be3 Ne5 16. Nxe5 Qxe5 17. Bd4 Qg5 18. Re3 Bxd4 19. cxd4 Be6 20. Qe2 a5 21. Rf1 Bxc4 22. Qxc4 Qb5 23. Qxb5 cxb5 24. Rc3 Rfe8 25. f3 Re7 26. Rfc1 Ra7 27. Kf2 Kf8 28. g3 Ke8 29. d5 Kd7 30. g4 Re8 31. Rc6 a4 32. Rb1 Rb8 33. b4 axb3 34. Rxb3 Rbb7 35. h4 Ra4 36. Ke3 b4 37. axb4 Rbxb4 38. Rxb4 Rxb4 39. Ra6 Rb8 40. Ra3 g6 41. Kf4 f6 42. Ra2 Rb3 43. Rh2 Ke7 44. Rh3 Kf7 45. g5 fxg5+ 46. hxg5 h5 47. Rh2 Rc3 48. Ra2 Kg7 49. Ra6 Kf7 50. Rc6 Rxc6 51. dxc6 Ke6 52. Ke3 d5 53. Kd4 dxe4 54. Kxe4 h4 55. Kf4 h3 56. Kg3 Kf5 57. Kxh3 Kf4 58. Kg2 Kxg5 59. Kg3 Kf5 60. Kf2 Kf4 61. Ke2 g5 62. Kf2 g4 63. fxg4 Kxg4 64. Ke3 Kf5 65. Kd4 Ke6 66. Kc5 Ke5 67. Kb5 Kd5 68. Kb4 Kxc6 69. Kc4 Kd6 70. Kd4 c6 71. Kc4 c5 72. Kc3 Kd5 73. Kd3 c4+ 74. Kc3 Kc5 75. Kc2 Kb4 76. Kb2 c3+ 77. Kc2 Kc4 78. Kc1 Kb3 79. Kb1 c2+ 80. Kc1 Kc3 1/2-1/2

[Event "Liberia Championship 2023"]
[Site "Monrovia"]
[Date "2024.01.26"]
[Round "11.7"]
[White "Bobby Ballah"]
[Black "Alfred J. Kollie"]
[Result "1-0"]
[ECO "C50"]
[WhiteElo "1913"]
[BlackElo "1612"]
[Annotator "NA RC"]
[PlyCount "105"]
[EventDate "2024.01.16"]
[EventType "swiss"]
[EventCountry "LBR"]
[SourceTitle "playchess.com"]
[Source "ChessBase"]
[SourceQuality "1"]
[TimeControl "40/5400+30:1800+30"]

1. e4 e5 2. Nf3 Nc6 3. d4 exd4 4. Bc4 Be7 5. O-O d6 6. Nxd4 Nxd4 7. Qxd4 Bf6 8. Qd3 Ne7 9. Nc3 O-O 10. Be3 Be6 11. Rad1 Ng6 12. Bxe6 fxe6 13. Qc4 Qe7 14. f4 Kh8 15. e5 dxe5 16. Bc5 Qf7 17. Bxf8 Rxf8 18. fxe5 Nxe5 19. Qe2 h6 20. Ne4 Qe7 21. Nxf6 gxf6 22. Qh5 Kh7 23. Rde1 Qc5+ 24. Kh1 Qxc2 25. Rc1 Qg6 26. Rxc7+ Rf7 27. Rxf7+ Nxf7 28. Qf3 Kg7 29. Qxb7 Qc2 30. h3 Kg6 31. Rf3 Ng5 32. Rg3 Kf5 33. Qb5+ Kg6 34. h4 Qc7 35. Qd3+ f5 36. hxg5 hxg5 37. Qe3 Qe7 38. Qe5 Qd7 39. Re3 Kf7 40. Rc3 Kg6 41. b4 Qd1+ 42. Kh2 Qh5+ 43. Rh3 Qg4 44. Qxe6+ Kg7 45. Qe7+ Kg6 46. Qh7+ Kf6 47. Rh6+ Ke5 48. Qc7+ Ke4 49. Qc4+ Ke3 50. Qxg4 fxg4 51. Kg3 Kd4 52. Kxg4 Kc4 53. a3 1-0

[Event "Liberia Championship 2023"]
[Site "Monrovia"]
[Date "2024.01.26"]
[Round "11.7"]
[White "Bobby Ballah"]
[Black "Alfred J. Kollie"]
[Result "*"]
[ECO "C50"]
[WhiteElo "1913"]
[BlackElo "1612"]
[Annotator "NA RC"]
[PlyCount "59"]
[EventDate "2024.01.16"]
[EventType "swiss"]
[EventCountry "LBR"]
[SourceTitle "playchess.com"]
[Source "ChessBase"]
[SourceQuality "1"]
[TimeControl "40/5400+30:1800+30"]

1. e4 e5 2. Nf3 Nc6 3. d4 exd4 4. Bc4 Be7 5. O-O d6 6. Nxd4 Nxd4 7. Qxd4 Bf6 8. Qd3 Ne7 9. Nc3 O-O 10. Be3 Be6 11. Rad1 Ng6 12. Bxe6 fxe6 13. Qc4 Qe7 14. f4 Kh8 15. e5 dxe5 16. Bc5 Qf7 17. Bxf8 Rxf8 18. fxe5 Nxe5 19. Qe2 h6 20. Ne4 Qe7 21. Nxf6 gxf6 22. Qh5 Kh7 23. Rde1 Qc5+ 24. Kh1 Qxc2 25. Rc1 Qg6 26. Rc2 c5 27. Rxc5 Rf7 28. Rc7 Re7 29. Rxe7+ Nf7 30. Rxf7+ *

[Event "Liberia Championship 2023"]
[Site "Monrovia"]
[Date "2024.01.26"]
[Round "11.8"]
[White "Foday W. Kondoh"]
[Black "Jacob, Jallah"]
[Result "0-1"]
[ECO "B12"]
[WhiteElo "1785"]
[BlackElo "1781"]
[Annotator "NA RC"]
[PlyCount "77"]
[EventDate "2024.01.16"]
[EventType "swiss"]
[EventCountry "LBR"]
[SourceTitle "playchess.com"]
[Source "ChessBase"]
[SourceQuality "1"]
[TimeControl "40/5400+30:1800+30"]

1. e4 c6 2. d4 d5 3. e5 c5 4. dxc5 e6 5. b4 Ne7 6. c4 Nbc6 7. cxd5 Nxd5 8. Bb5 Ndxb4 9. Qxd8+ Kxd8 10. Na3 a6 11. Bg5+ Kc7 12. Bxc6 Nxc6 13. Nf3 Bxc5 14. Nc2 h6 15. Be3 Bxe3 16. Nxe3 f6 17. Rc1 Bd7 18. O-O Rad8 19. Nc4 Rhf8 20. Rfe1 b5 21. Na5 Kb6 22. Nxc6 Bxc6 23. exf6 Rxf6 24. Ne5 Bd5 25. f3 Bxa2 26. Rc6+ Kb7 27. Rc2 Bb3 28. Rc3 Rd1 29. Rxd1 Bxd1 30. Rd3 Rf5 31. f4 Bc2 32. Rd7+ Kc8 33. Rd6 Bb3 34. Rxa6 Rxf4 35. Ra8+ Kc7 36. Ra7+ Kd6 37. Nf3 g5 38. Ra6+ Kc5 39. Ra2 0-1

[Event "Liberia Championship 2023"]
[Site "Monrovia"]
[Date "2024.01.26"]
[Round "11.9"]
[White "Prince Jegbadai"]
[Black "Kennedy Zinnah Kengo"]
[Result "0-1"]
[ECO "D00"]
[WhiteElo "1627"]
[BlackElo "1789"]
[Annotator "NA"]
[PlyCount "102"]
[EventDate "2024.01.16"]
[EventType "swiss"]
[EventCountry "LBR"]
[SourceTitle "playchess.com"]
[Source "ChessBase"]
[SourceQuality "1"]
[TimeControl "40/5400+30:1800+30"]

1. d4 d5 2. Bf4 Nf6 3. e3 e6 4. c3 a6 5. Bd3 Be7 6. h3 Nbd7 7. Nd2 c5 8. Ngf3 b5 9. b3 Bb7 10. O-O Rc8 11. Nh2 O-O 12. Rb1 Qa5 13. Qc2 cxd4 14. b4 Qa3 15. Rb3 Qa4 16. exd4 Nb6 17. Qb2 Nc4 18. Nxc4 bxc4 19. Ra3 Qc6 20. Be2 Ra8 21. Nf3 Rfd8 22. Ne5 Qb6 23. Ra5 Ra7 24. Qc2 Bd6 25. Bg5 Be7 26. Bf4 Bc8 27. Kh1 Re8 28. Ng4 Ne4 29. f3 Nxc3 30. a3 Nxe2 31. Qxe2 Bd8 32. Rc1 Qb7 33. Ra4 Bd7 34. b5 Bxb5 35. Rb1 Bxa4 36. Rxb7 Rxb7 37. Bd6 Rb1+ 38. Kh2 Bb6 39. Qa2 Rb3 40. Qf2 c3 41. Qe2 Bb5 42. Qc2 Bc4 43. Bc5 Bc7+ 44. Ne5 f6 45. f4 fxe5 46. fxe5 a5 47. a4 Bd8 48. Kg3 Bg5 49. Kg4 Bd2 50. Qd1 g6 51. h4 h5+ 0-1